 Dungeon Crawl Stone Soup version 0.29.1 (webtiles) character file.

Game seed: 6113769969652627294

17824 RePankoism the Blocker (level 12, -6/101 HPs)
             Began as a Minotaur Fighter on Sept 9, 2022.
             Was a Priest of Hepliaklqana.
             Mangled by an 18-headed hydra (9 damage)
             ... on level 1 of the Lair of Beasts on Sept 13, 2022.
             The game lasted 00:23:52 (12804 turns).

RePankoism the Blocker (Minotaur Fighter)          Turns: 12804, Time: 00:23:52

Health: -6/101     AC: 21    Str: 25    XL:     12   Next: 22%
Magic:  13/13      EV:  7    Int:  5    God:    Hepliaklqana [***...]
Gold:   1283       SH: 13    Dex: 11    Spells: 11/11 levels left

rFire   + . .      SeeInvis .   a - +4 war axe (freeze)
rCold   . . .      Faith    .   y - +2 kite shield of Olyseala {rN+}
rNeg    + . .      Spirit   .   h - +2 chain mail
rPois   .          Reflect  .   (helmet restricted)
rElec   .          Harm     .   M - +0 cloak
rCorr   .          Rampage  .   G - +0 pair of gloves
Will    .....                   (no boots)
Stlth   ..........              m - amulet of the acrobat
HPRegen 0.26/turn               k - ring of protection from fire
MPRegen 0.13/turn               B - +4 ring of protection

@: no status effects
A: reduced essence, horns 2, retaliatory headbutt
a: Renounce Religion, Recall Ancestor, Ancestor Identity, Transference


You were on level 1 of the Lair of Beasts.
You worshipped Hepliaklqana.
Hepliaklqana was most pleased with you.
You visited 3 branches of the dungeon, and saw 14 of its levels.

You collected 1283 gold pieces.

Inventory:

Hand Weapons
 a - a +4 war axe of freezing (weapon)
Missiles
 p - a throwing net (quivered)
 L - a curare-tipped dart
Armour
 h - a +2 chain mail (worn)
 y - the +2 kite shield of Olyseala (worn) {rN+}
   (You acquired it on level 8 of the Dungeon)

   rN:        It protects you from negative energy.
 G - a +0 pair of gloves (worn)
 M - a +0 cloak (worn)
Magical Staves
 b - a staff of conjuration
Jewellery
 j - a ring of wizardry
 k - a ring of protection from fire (left hand)
 m - an amulet of the acrobat (around neck)
 B - a +4 ring of protection (right hand)
Wands
 c - a wand of charming (5)
 f - a wand of digging (9)
 l - a wand of roots (12)
 t - a wand of polymorph (10)
 v - a wand of mindburst (15)
 C - a wand of flame (18)
 J - a wand of quicksilver (19)
Scrolls
 e - 2 scrolls of amnesia
 g - 6 scrolls of teleportation
 o - 3 scrolls of fear
 D - 3 scrolls of identify
 F - a scroll of enchant weapon
 I - a scroll of fog
 K - 2 scrolls of silence
 Q - 2 scrolls of blinking
Potions
 d - 3 potions of might
 i - 2 potions of mutation
 n - a potion of flight {unknown}
 q - 3 potions of haste
 r - 2 potions of curing
 s - 6 potions of ambrosia
 u - a potion of invisibility {unknown}
 w - 5 potions of degeneration
 x - 2 potions of heal wounds
 z - 2 potions of brilliance
 A - a potion of resistance
 E - a potion of cancellation {unknown}
 H - a potion of attraction {unknown}
 N - 2 potions of lignification {unknown}
 P - a potion of berserk rage {unknown}
Miscellaneous
 O - a phial of floods


   Skills:
 + Level 12.3 Fighting
 + Level 12.0 Axes
 + Level 12.3 Armour
 + Level 12.3 Shields
 + Level 3.2 Invocations
 + Level 2.9 Evocations


You had 11 spell levels left.
You didn't know any spells.
Your spell library contained the following spells:

 Spells                   Type           Power      Damage    Failure   Level
 Slow                     Hex            0%         N/A       99%         1
 Ensorcelled Hibernation  Hex/Ice        0%         N/A       100%        2
 Passwall                 Tmut/Erth      0%         N/A       100%        2
 Confusing Touch          Hex            0%         N/A       100%        3
 Conjure Flame            Conj/Fire      0%         6-21      100%        3
 Frozen Ramparts          Ice            0%         1d1       100%        3
 Ignite Poison            Fire/Tmut/Pois 0%         N/A       100%        3
 Swiftness                Air            0%         N/A       100%        3
 Vampiric Draining        Necr           0%         2d6       100%        3
 Ice Form                 Ice/Tmut       0%         N/A       100%        4
 Sticky Flame             Conj/Fire      0%         2d3       100%        4
 Summon Ice Beast         Ice/Summ       0%         N/A       100%        4
 Metabolic Englaciation   Hex/Ice        0%         N/A       100%        5
 Conjure Ball Lightning   Conj/Air       0%         3x3d6     100%        6
 Enfeeble                 Hex            0%         N/A       100%        7


Dungeon Overview and Level Annotations

Branches:
Dungeon (12/15)            Temple (1/1) D:5            Lair (1/5) D:10
    Orc (0/2) D:9

Altars:
Ashenzari
Cheibriados
Dithmenos
Elyvilon
Fedhas
Gozag
Hepliaklqana
Kikubaaqudgha
Makhleb
Nemelex Xobeh
Okawaru
Qazlal
Ru
Trog
Uskayaw
Vehumet
Wu Jian
Xom
Yredelemnul
Zin
The Shining One

Annotations:
D:4 Blork the orc
D:10 3 runed translucent doors, iguanaiguana's ghost, novice MiFi


Innate Abilities, Weirdness & Mutations

Your life essence is reduced to manifest your ancestor. (-10% HP)
You have a pair of horns on your head.
You reflexively headbutt those who attack you in melee.


Message History

The 16-headed hydra bites you!
* * * LOW HITPOINT WARNING * * *
The 16-headed hydra bites you.
* * * LOW HITPOINT WARNING * * *
The 16-headed hydra barely misses you.
You block the 16-headed hydra's attack. x2
The 16-headed hydra bites you but does no damage.
You block the 16-headed hydra's attack.
The 16-headed hydra bites you but does no damage.
The 16-headed hydra bites you.
* * * LOW HITPOINT WARNING * * *
The 16-headed hydra bites you but does no damage. x2
You take 15 damage, and have 15/101 hp.
You slice one of the 16-headed hydra's heads off!
The 15-headed hydra grows two more!
You hit the 17-headed hydra.
The 17-headed hydra seems to slow down.
You freeze the 17-headed hydra.
The 17-headed hydra is severely wounded.
The 17-headed hydra bites you but does no damage.
The 17-headed hydra bites you.
* * * LOW HITPOINT WARNING * * *
You block the 17-headed hydra's attack. x2
The 17-headed hydra bites you but does no damage. x2
You block the 17-headed hydra's attack.
The 17-headed hydra bites you but does no damage. x2
The 17-headed hydra bites you.
* * * LOW HITPOINT WARNING * * *
The 17-headed hydra barely misses you. x2
The 17-headed hydra bites you but does no damage. x2
The 17-headed hydra bites you.
* * * LOW HITPOINT WARNING * * *
The 17-headed hydra barely misses you. You block the 17-headed hydra's attack.
You take 12 damage, and have 3/101 hp.
You lop one of the 17-headed hydra's heads off!
The 16-headed hydra grows two more!
You hit the 18-headed hydra. You freeze the 18-headed hydra.
You headbutt the 18-headed hydra!
The 18-headed hydra is severely wounded.
You block the 18-headed hydra's attack. x2
The 18-headed hydra closely misses you. The 18-headed hydra barely misses you.
The 18-headed hydra bites you but does no damage.
The 18-headed hydra bites you!
You die...

. .. .. ...##. .. ... ..
....P+. #.#...
.#.###.##....... .......
.........)..............
........................
........................
...................>....
......D@................
.######.................
#...?....#####.....
.....#.......#....#....
......+......#....#....
.....##................
..... #......#.........
.... ##......#.........
.... #.......#.........


You could see a 18-headed hydra (slow).

Vanquished Creatures
  A fire dragon (D:10)
  2 two-headed ogres
  2 cyclopes
  Maggie (D:6)
  A komodo dragon (Lair:1)
  A troll (D:9)
  Grinder (D:5)
  2 slime creatures (D:12)
  A vampire (D:11)
  38 yaks
  2 wyverns
  A basilisk (Lair:1)
  A steam dragon (D:7)
  4 vampire mosquitoes (D:11)
  9 water moccasins
  3 orc warriors
  An ice beast (D:7)
  2 ogres (D:5)
  4 sky beasts
  5 centaurs
  A phantom (D:4)
  4 kobold brigands
  8 bullfrogs
  A scorpion (D:7)
  2 necrophages (D:5)
  5 wights (D:8)
  A killer bee (D:9)
  2 howler monkeys
  2 hounds
  7 orc priests
  2 gnoll boudas
  2 jellies
  An iguana (D:7)
  Ijyb (D:5)
  4 orc wizards
  Robin (D:2)
  15 gnolls
  3 adders
  A shadow imp (D:5)
  4 ufetubi
  A worm (D:2)
  A dart slug (D:1)
  23 orcs
  9 endoplasms
  3 giant cockroaches
  14 goblins
  8 hobgoblins
  5 quokkas
  4 ball pythons
  6 bats
  A frilled lizard (D:1)
  8 kobolds
  6 rats
238 creatures vanquished.

Vanquished Creatures (collateral kills)
  An unseen horror (D:11)
  A komodo dragon (Lair:1)
  A slime creature (D:12)
  A wyvern (D:9)
  10 yaks
  A water moccasin (D:7)
  An orc warrior (D:10)
  A black bear (D:8)
  A centaur (D:11)
  A bullfrog (D:8)
  A wight (D:8)
  A lava snake (D:8)
  An orc wizard (D:10)
  An ufetubus (D:7)
  2 orcs
  4 kobolds (D:9)
  A butterfly (Lair:1)
30 creatures vanquished.

Vanquished Creatures (others)
  3 hexers
  An ancestor (D:7)
  A fungus (Lair:1)
  2 plants (Lair:1)
7 creatures vanquished.

Grand Total: 275 creatures vanquished

Notes
Turn   | Place    | Note
-------+----------+-------------------------------------------
     0 | D:1      | RePankoism the Minotaur Fighter began the quest for the
                  | Orb.
     0 | D:1      | Reached XP level 1. HP: 19/19 MP: 0/0
   251 | D:1      | Reached XP level 2. HP: 27/27 MP: 1/1
   491 | D:1      | Found a faded altar of an unknown god.
   982 | D:2      | Reached XP level 3. HP: 33/33 MP: 2/2
  1357 | D:2      | Reached XP level 4. HP: 28/40 MP: 3/3
  1543 | D:2      | Noticed Robin
  1556 | D:2      | Killed Robin
  2182 | D:3      | Reached XP level 5. HP: 9/47 MP: 4/4
  2193 | D:3      | HP: 2/47 [hobgoblin (2)]
  2814 | D:3      | Identified the +3 whip of Dacromic {drain, Drain rF+ rC+
                  | rCorr}
  3438 | D:4      | Got the Vellum of Baleful Concussion
  3467 | D:4      | Reached skill level 5 in Shields
  3471 | D:4      | Reached skill level 5 in Fighting
  3471 | D:4      | Reached skill level 5 in Armour
  3478 | D:4      | Reached XP level 6. HP: 29/56 MP: 5/5
  3927 | D:4      | Noticed Blork the orc
  4099 | D:5      | Entered Level 5 of the Dungeon
  4107 | D:5      | Identified the +1 leather armour "Peocoeg" {rElec rPois rC-
                  | Stlth+}
  4268 | D:5      | Reached skill level 5 in Axes
  4365 | D:5      | Reached XP level 7. HP: 62/62 MP: 6/6
  4406 | D:5      | Noticed Grinder
  4414 | D:5      | Paralysed by Grinder for 2 turns
  4417 | D:5      | Paralysed by Grinder for 4 turns
  4424 | D:5      | Killed Grinder
  4657 | D:5      | Noticed Ijyb
  4660 | D:5      | Found a staircase to the Ecumenical Temple.
  4667 | D:5      | Killed Ijyb
  4791 | Temple   | Entered the Ecumenical Temple
  4945 | Temple   | Became a worshipper of Hepliaklqana the Forgotten
  5334 | D:5      | Reached XP level 8. HP: 71/71 MP: 7/7
  5946 | D:6      | Found an iron altar of Okawaru.
  6015 | D:6      | Noticed Maggie
  6026 | D:6      | Killed Maggie
  6200 | D:6      | Noticed a two-headed ogre
  6204 | D:6      | Killed a two-headed ogre
  6205 | D:6      | Reached XP level 9. HP: 81/81 MP: 8/8
  6216 | D:6      | Found a glowing golden altar of the Shining One.
  6241 | D:6      | Reached * piety under Hepliaklqana
  7629 | D:8      | Found a white marble altar of Elyvilon.
  7665 | D:8      | Identified 2 scrolls of acquirement
  7665 | D:8      | Acquired 500 gold pieces
  7666 | D:8      | Acquired the +2 kite shield of Olyseala {rN+}
  7727 | D:8      | Found an opulent altar of Gozag.
  7998 | D:8      | Reached XP level 10. HP: 66/81 MP: 9/9
  8248 | D:8      | Reached skill level 10 in Shields
  8250 | D:8      | Reached skill level 10 in Armour
  8267 | D:8      | Reached skill level 10 in Fighting
  8512 | D:8      | Reached skill level 10 in Axes
  8692 | D:8      | Found a hide-covered altar of Uskayaw.
  8886 | D:8      | Found a stormy altar of Qazlal.
  9088 | D:9      | Reached ** piety under Hepliaklqana
  9089 | D:9      | Remembered your ancestor Tawil as a hexer
  9231 | D:9      | Found a staircase to the Orcish Mines.
  9576 | D:10     | Entered Level 10 of the Dungeon
  9576 | D:10     | Noticed a two-headed ogre
  9581 | D:10     | Killed a two-headed ogre
  9582 | D:10     | Reached XP level 11. HP: 46/90 MP: 10/10
  9807 | D:10     | Noticed a fire dragon
  9815 | D:10     | Killed a fire dragon
  9866 | D:10     | Found a staircase to the Lair.
 10119 | D:10     | Found a runed translucent gate.
 10119 | D:10     | Found a runed translucent gate.
 10119 | D:10     | Found a runed translucent gate.
 10120 | D:10     | Noticed a fire dragon
 10120 | D:10     | Noticed iguanaiguana's ghost (novice MiFi)
 10121 | D:10     | Found an opulent altar of Gozag.
 10121 | D:10     | Noticed a deep elf pyromancer
 10129 | D:10     | Found a bloodstained altar of Trog.
 11178 | D:11     | Reached *** piety under Hepliaklqana
 11308 | D:11     | Reached skill level 1 in Invocations
 11714 | D:12     | Reached skill level 1 in Evocations
 11821 | D:12     | HP: 4/93 [very large slime creature (39)]
 12217 | Lair:1   | Entered Level 1 of the Lair of Beasts
 12223 | Lair:1   | Upgraded the game from 0.29.0-13-gc9e81de378 to 0.29.1
 12410 | Lair:1   | Reached XP level 12. HP: 100/100 MP: 12/12
 12788 | Lair:1   | Noticed an eight-headed hydra
 12803 | Lair:1   | HP: 3/101 [17-headed hydra (5)]
 12804 | Lair:1   | Mangled by an 18-headed hydra

Illustrated notes

Levels and vault maps discovered:
D:1:      giann_horns, layout_loops_corners, basic_ecumenical_altar
D:2:      layout_basic, hangedman_abyss_or_decor_lesser_grid,
          serial_bayou_ford_a, uniq_robin
D:3:      layout_basic
D:4:      layout_loops_ring, tgw_sif
D:5:      layout_loops_ring, temple_fountains, uniq_grinder, uniq_ijyb
D:6:      layout_basic, nicolae_overflow_hidden_temple,
          nicolae_overflow_crystal_walls, minmay_holes, uniq_maggie
D:7:      layout_rooms
D:8:      layout_loops_cross, nicolae_qazlal_eye_of_the_storm,
          nicolae_uskayaw_suspiria, mainiacjoe_overflow_catwalk_spiral,
          minmay_misc_feat_roman, minmay_joined_circles
D:9:      layout_long_grid, orc_0_dummy, kennysheep_generic_room_13
D:10:     layout_rooms, amcnicky_altar_gilded, minmay_lair_entry_lava,
          ebering_ghost_gozag
D:11:     layout_layer_cave, roderic_lattice_a
D:12:     layout_roguey, serial_shops, shop, gammafunk_ghost_hive,
          sword_in_stone
Temple:   zaba_magenta_temple
Lair:1:   layout_regular_city, grunt_megastairs_4, lemuel_fruit_fields

Skill      XL: |  1  2  3  4  5  6  7  8  9 10 11 12 |
---------------+-------------------------------------+-----
Shields        | 4 5 6 8 9 10 12 | 12.3
Fighting       | 4 5 6 8 9 10 12 | 12.3
Armour         | 4 5 6 8 9 10 12 | 12.3
Axes           | 3 4 5 6 7 9 10 11 12 | 12.0
Invocations    | 2 3 |  3.2
Evocations     | 2 |  2.9

Action                   |  1- 3 |  4- 6 |  7- 9 | 10-12 || total
-------------------------+-------+-------+-------+-------++-------
Melee: War axe           |    61 |   131 |   157 |   333 ||   682
       Headbutt          |     4 |    15 |    35 |    72 ||   126
Invok: Ancestor Life: He |       |       |       |     1 ||     1
Evoke: Wand              |       |       |     4 |       ||     4
  Use: Scroll            |       |    11 |     6 |     9 ||    26
 Stab: Distracted        |       |       |     1 |     4 ||     5
       Confused          |       |       |       |     3 ||     3
Armor: Scale mail        |    12 |       |       |       ||    12
       Chain mail        |    25 |    65 |    86 |   152 ||   328
Dodge: Dodged            |    24 |    64 |    76 |   106 ||   270
Block: Buckler           |    10 |    34 |    40 |       ||    84
       Kite shield       |       |       |     5 |   220 ||   225
